Map: Templo Congelado

Players

TheZergLord - Winner!

  • Race: Zerg Zerg
  • League: Master

PwTelivolts

  • Race: Terran Terran
  • League: Master

VOD

Have the link to the VOD?

Description

Time

  • Played on: May 24, 2016, 9:43 a.m.
  • Length: 10:03
Show
View Real Time Build Order
Export as new Build Order

TheZergLord Zerg - Winner!

Build Orders: Hatch First, Muta Ling Bane 

Get SALT Encoding   

  12  0:01  Drone  
  13  0:12  Overlord  
  13  0:17  Drone  
  14  0:31  Drone x2  
  14  0:35  Drone  
  17  0:53  Hatchery  
  17  0:56  Drone  
  17  1:09  Spawning Pool  
  16  1:12  Drone  
  16  1:14  Extractor  
  16  1:17  Drone  
  17  1:21  Drone  
  18  1:28  Drone  
  19  1:39  Overlord  
  19  1:58  Queen  
  21  2:01  Zergling x4  
  21  2:04  Queen  
  21  2:05  Zergling x2  
  26  2:11  Drone  
  26  2:15  Metabolic Boost  
  27  2:17  Drone  
  27  2:22  Drone  
  29  2:32  Drone  
  30  2:38  Drone x2  
  32  2:48  Hatchery  
  31  2:52  Queen  
  31  2:57  Overlord  
  33  3:03  Drone x2  
  35  3:07  Drone  
  36  3:22  Drone x2  
  36  3:23  Drone  
  36  3:24  Overlord  
  39  3:29  Drone  
  39  3:30  Drone x3  
  39  3:33  Drone  
  44  3:50  Overlord  
  44  3:52  Queen x2, Drone  
  44  3:53  Drone x4  
  52  4:11  Queen  
  54  4:21  Overlord  
  54  4:23  Drone x12  
  66  4:38  Overlord  
  66  4:39  Lair  
  66  4:47  Overlord x2  
  66  4:49  Hatchery  
  66  4:50  Baneling Nest  
  66  4:51  Evolution Chamber  
  63  4:55  Drone x2  
  65  5:00  Drone x8  
  65  5:01  Drone  
  65  5:03  Extractor  
  65  5:04  Drone  
  65  5:06  Extractor x2  
  73  5:07  Drone  
  73  5:08  Extractor  
  73  5:09  Extractor  
  73  5:12  Queen  
  73  5:15  Zergling x4  
  73  5:16  Zergling x2  
  75  5:25  Drone x7  
  75  5:26  Drone x3  
  84  5:40  Overlord  
  84  5:43  Zerg Ground Armor Level 1  
  83  5:58  Spire  
  83  5:59  Centrifical Hooks  
  83  6:00  Zergling x2  
  83  6:01  Zergling x24  
  94  6:23  Drone  
  94  6:25  Drone  
  96  6:29  Hatchery  
  95  6:34  Overlord x4  
  95  6:39  Hatchery  
  92  6:47  Overlord  
  92  6:48  Overlord x3  
  92  6:59  Drone x5  
  92  7:00  Zergling x14  
  92  7:01  Zergling x14  
  111  7:06  Pneumatized Carapace  
  111  7:07  Overseer  
  111  7:12  Mutalisk  
  111  7:13  Mutalisk x4  
  121  7:16  Baneling  
  121  7:17  Baneling x16  
  121  7:23  Zergling x10  
  121  7:24  Zergling x4  
  121  7:29  Drone  
  129  7:30  Drone  
  129  7:32  Evolution Chamber  
  116  7:38  Zerg Melee Weapons Level 1  
  116  7:39  Zergling x2  
  116  7:40  Zergling x16  
  114  7:51  Zergling x2  
  114  7:52  Zergling x14  
  114  7:53  Zergling x4  
  115  8:11  Zergling x4  
  115  8:12  Zergling x24  
  121  8:18  Mutalisk x4  
  121  8:19  Mutalisk  
  127  8:26  Baneling x6  
  127  8:27  Mutalisk, Baneling x2  
  127  8:29  Mutalisk  
  131  8:35  Mutalisk x2  
  131  8:38  Zergling x8  
  139  8:44  Zergling x6  
  139  8:45  Zergling x6  
  145  9:05  Zergling x4  
  145  9:06  Zergling x34  
  160  9:10  Baneling  
  160  9:11  Baneling x7  
  137  9:42  Hatchery  
Show
View Real Time Build Order
Export as new Build Order

PwTelivolts Terran 

Build Orders: Command Center First (CC), MMM Bio 

Get SALT Encoding   

  12  0:00  SCV  
  13  0:13  SCV  
  14  0:18  Supply Depot  
  14  0:25  SCV  
  15  0:40  SCV  
  16  0:52  SCV  
  17  1:02  Command Center  
  17  1:05  SCV  
  18  1:11  Refinery  
  18  1:18  SCV  
  19  1:26  Barracks  
  19  1:30  SCV  
  20  1:37  Refinery  
  20  1:42  SCV  
  21  1:54  SCV  
  22  2:12  Orbital Command  
  22  2:13  Reaper  
  22  2:14  Orbital Command  
  23  2:23  Factory  
  23  2:38  SCV  
  23  2:40  SCV  
  25  2:45  Barracks Tech Lab  
  25  2:50  SCV  
  26  2:56  SCV  
  27  3:02  SCV  
  28  3:08  Command Center  
  28  3:16  Siege Tank  
  31  3:22  SCV x2  
  31  3:25  Starport  
  32  3:39  Marine  
  32  3:41  SCV x2  
  31  3:53  Siege Tank  
  31  3:54  SCV x2  
  36  4:01  Medivac  
  38  4:04  Barracks Reactor  
  38  4:11  Supply Depot  
  38  4:20  SCV x2  
  38  4:23  Supply Depot  
  40  4:30  Siege Tank  
  43  4:31  Orbital Command  
  43  4:35  Barracks  
  42  4:43  SCV x2, Supply Depot  
  42  4:45  Starport Reactor  
  44  4:51  Barracks Tech Lab  
  44  4:54  Barracks  
  44  5:13  Marine  
  45  5:16  SCV x2, Barracks  
  45  5:18  Barracks  
  45  5:19  Refinery  
  45  5:20  Refinery  
  47  5:27  Orbital Command  
  47  5:30  Stimpack  
  47  5:32  SCV x2  
  47  5:34  Supply Depot  
  49  5:37  Starport Reactor, Siege Tank, Marine  
  49  5:38  Marine  
  54  5:44  SCV x2, Engineering Bay  
  54  5:46  Engineering Bay  
  56  5:50  Marine x3  
  56  5:56  SCV x2  
  61  5:57  Marine  
  61  6:01  Supply Depot  
  62  6:06  Barracks Reactor, Supply Depot  
  62  6:08  SCV, Barracks Reactor  
  63  6:16  Marine x3  
  66  6:18  Terran Infantry Weapons Level 1  
  66  6:19  Terran Infantry Armor Level 1  
  66  6:23  Marine x2  
  66  6:25  Medivac  
  70  6:29  Supply Depot  
  70  6:31  SCV x2  
  70  6:32  SCV  
  73  6:41  Marine  
  73  6:42  Siege Tank  
  77  6:47  SCV x3  
  77  6:52  Marine x5  
  85  6:55  Marine  
  85  6:59  SCV x3  
  89  7:09  Supply Depot  
  89  7:11  SCV x2  
  89  7:14  Armory  
  91  7:16  Marine  
  91  7:17  Marine x7  
  99  7:26  Marine  
  99  7:29  Siege Tank  
  103  7:30  Combat Shields  
  103  7:34  Marine  
  103  7:35  Marine x2  
  102  7:42  SCV x2  
  90  7:54  Marine  
  90  7:55  Marine x7  
  92  8:06  Missile Turret  
  92  8:08  Factory  
  92  8:10  Barracks  
  92  8:11  Barracks  
  92  8:12  Barracks  
  81  8:16  Marine x6  
  81  8:17  Medivac x2, Siege Tank, Marine  
  91  8:22  SCV x2, Missile Turret, Refinery x2  
  91  8:27  Marine  
  93  8:28  Marine  
  93  8:29  SCV  
  93  8:34  Marine  
  96  8:38  SCV x2  
  96  8:39  Missile Turret  
  96  8:40  Marine  
  96  8:41  SCV, Marine x2  
  101  8:47  Medivac  
  105  8:50  SCV x2, Marine  
  105  8:51  Marine x2  
  110  8:56  SCV  
  110  9:02  SCV x2  
  113  9:05  Marine  
  113  9:08  SCV  
  109  9:17  Orbital Command  
  109  9:22  Marine x3  
  109  9:27  Marine  
  86  9:36  Marine x2  
  68  9:41  Marine  
  68  9:42  Marine x8  
Tags
 
Add a new tag
Caveats
  • Supply blocks, unpowered buildings, or Contaminate may cause inaccurate times.
  • Supply counts are checked every 10 seconds.